 Dungeon Crawl Stone Soup version 0.20.0-15-g7f486f2 (webtiles) character file.

65 NoAnimeNoLife the Cudgeler (level 3, -4/29 HPs)
             Began as a Demonspawn Fighter on June 14, 2017.
             Slain by NoAnimeNoLife's ghost (6 damage)
             ... on level 3 of the Dungeon.
             The game lasted 00:02:07 (1977 turns).

NoAnimeNoLife the Cudgeler (Demonspawn Fighter)     Turns: 1977, Time: 00:02:08

Health: -4/29      AC:  6    Str: 16    XL:     3   Next: 94%
Magic:  0/3        EV:  4    Int:  9    God:
Gold:   79         SH: 13    Dex: 13    Spells: 2/2 levels left

rFire    . . .     SeeInvis .   a - +0 flail
rCold    + . .     Gourm    .   u - +1 large shield {rC+}
rNeg     . . .     Faith    .   b - +0 scale mail
rPois    .         Spirit   +   (no helmet)
rElec    .         Reflect  .   (no cloak)
rCorr    +         Harm     .   (no gloves)
MR       .....                  (no boots)
Stlth    ..........             (no amulet)
Regen    0.1/turn               q - ring of resist corrosion
MPRegen  0.1/turn               (no ring)

@: no status effects
A: magic shield
a: no special abilities


You were on level 3 of the Dungeon.
You were hungry.

You visited 1 branch of the dungeon, and saw 3 of its levels.

You collected 79 gold pieces.

Inventory:

Hand Weapons
 a - a +0 flail (weapon)
Armour
 b - a +0 scale mail (worn)
 c - a +0 shield
 u - a +1 large shield of cold resistance (worn)
Jewellery
 j - an uncursed amulet of guardian spirit
 n - an uncursed amulet of faith
 q - a ring of resist corrosion (left hand)
 t - a +5 ring of evasion {unknown}
Scrolls
 i - 3 scrolls of remove curse {unknown}
 k - 2 scrolls of fog {unknown}
 l - 2 scrolls of identify {unknown}
 m - a scroll of enchant weapon {unknown}
 o - a scroll of noise {unknown}
 p - a scroll of magic mapping {unknown}
Potions
 d - a potion of might
 e - a potion of curing
 g - 2 potions of heal wounds {unknown}
 h - a potion of brilliance {unknown}
 s - a potion of flight {unknown}
 v - a potion of lignification {unknown}
Books
 r - a book of Cantrips

   Spells                             Type                      Level
   a - Confusing Touch                Hexes                        1
   b - Animate Skeleton               Necromancy                   1
   c - Summon Small Mammal            Summoning                    1
   d - Apportation                    Translocation                1
Comestibles
 f - 2 bread rations


   Skills:
 - Level 3.0 Fighting
 + Level 3.8 Maces & Flails
 - Level 2.6 Armour
 - Level 2.7 Shields


You had 2 spell levels left.
You didn't know any spells.

Dungeon Overview and Level Annotations

Branches:
Dungeon (3/15)

Altars:
Cheibriados

Annotations:
D:3 NoAnimeNoLife's ghost, weakling DsFi


Innate Abilities, Weirdness & Mutations

When hurt, damage is shared between your health and your magic reserves.


Message History

You are too injured to fight recklessly!
You are too injured to fight recklessly!
You are too injured to fight recklessly!
You are too injured to fight recklessly!
You are too injured to fight recklessly!
You are too injured to fight recklessly!
You are too injured to fight recklessly!
You are too injured to fight recklessly!
You are too injured to fight recklessly!
You are too injured to fight recklessly!
You are too injured to fight recklessly!
You are too injured to fight recklessly!
You are too injured to fight recklessly!
You are too injured to fight recklessly!
NoAnimeNoLife's ghost hits you!
* * * LOW HITPOINT WARNING * * *
You completely miss NoAnimeNoLife's ghost.
NoAnimeNoLife's ghost is moderately damaged.
NoAnimeNoLife's ghost hits you.
You die...

....... ##..#..## #.
##........ #..
....... #.# #.....
#.# #...# #.# #.W.#
#.#####.@.#.#
#.####...........#
#............<......#
######.#######.###...
#.# .# .# #.# .# #
#.# .. #.# ##
#########.#


You could see NoAnimeNoLife's ghost.

Vanquished Creatures
  An adder (D:2)
  A worm (D:2)
  2 dart slugs
  2 leopard geckos (D:1)
  4 orcs
  A bat (D:2)
  A giant cockroach (D:2)
  4 goblins
  6 hobgoblins
  6 jackals
  A quokka (D:2)
  2 frilled lizards (D:2)
  3 kobolds
  7 rats
41 creatures vanquished.

Notes
Turn   | Place    | Note
-------+----------+-------------------------------------------
     0 | D:1      | NoAnimeNoLife the Demonspawn Fighter began the quest for the Orb.
     0 | D:1      | Reached XP level 1. HP: 18/18 MP: 1/1
     1 | D:1      | Found a snail-covered altar of Cheibriados.
   213 | D:1      | Gained mutation: When hurt, damage is shared between your health and your magic reserves. [demonic ancestry]
   213 | D:1      | Reached XP level 2. HP: 22/24 MP: 2/2
   852 | D:2      | Reached XP level 3. HP: 17/29 MP: 3/3
  1970 | D:3      | Noticed NoAnimeNoLife's ghost (weakling DsFi)
  1977 | D:3      | Slain by NoAnimeNoLife's ghost

Skill      XL: |  1  2 |
---------------+-------+-----
Maces & Flails | 2 3 |  3.8
Fighting       | |  3.0
Armour         | |  2.6
Shields        | |  2.7

Action                   || total
-------------------------++-------
Melee: Flail             ||   178
  Use: Potion            ||     1
  Eat: Chunk             ||     3
Armor: Scale mail        ||    64
Dodge: Dodged            ||    32
Block: Shield            ||    44
       Large shield      ||    54
